 Dungeon Crawl Stone Soup version 0.27.1-35-g4d5d836560 (webtiles) character file.

Game seed: 7852700043115929015

1293 Delamore the Covert (level 8, -2/50 HPs)
             Began as an Octopode Brigand on Mar 24, 2022.
             Was an Initiate of Gozag.
             Slain by an adder (4 damage)
             ... on level 5 of the Dungeon.
             The game lasted 00:05:24 (5389 turns).

Delamore the Covert (Octopode Brigand)              Turns: 5389, Time: 00:05:25

Health: -2/50      AC:  1    Str: 10    XL:     8   Next: 56%
Magic:  17/17      EV: 12    Int: 14    God:    Gozag
Gold:   276        SH:  0    Dex: 15    Spells: 7/7 levels left

rFire    . . .     SeeInvis .   l - +2 short sword (venom)
rCold    . . .     Faith    .   (no shield)
rNeg     . . .     Spirit   .   (helmet restricted)
rPois    .         Reflect  .   v - amulet of regeneration
rElec    .         Harm     .   t - ring of wizardry
rCorr    .         Rampage  .   p - ring of magical power
Will     +....                  A - ring of willpower
Stlth    +++++.....             (no ring)
HPRegen  1.16/turn              (no ring)
MPRegen  0.15/turn              (no ring)
                                (no ring)
                                (no ring)

@: lethally poisoned (-2 -> -2), gold aura
A: almost no armour, amphibious, 8 rings, camouflage 1, gelatinous body 1,
(nimble swimmer 1), tentacles
a: Renounce Religion, Potion Petition, Call Merchant, Bribe Branch


You were on level 5 of the Dungeon.
You worshipped Gozag.
Gozag was aware of your devotion.
You visited 2 branches of the dungeon, and saw 6 of its levels.

You collected 412 gold pieces.
You paid 136 gold pieces to Gozag.

Inventory:

Hand Weapons
 a - a +2 dagger
 e - a +1 antimagic dagger
 l - a +2 short sword of venom (weapon)
Missiles
 b - 7 poisoned darts (quivered)
 c - 10 curare-tipped darts
 u - 4 boomerangs of dispersal
 w - 4 boomerangs
Jewellery
 p - a ring of magical power (right tentacle)
 t - a ring of wizardry (left tentacle)
 v - an amulet of regeneration (around mantle)
 A - a ring of willpower (on tentacle)
Wands
 z - a wand of acid (6)
Scrolls
 g - a scroll of vulnerability
 h - 3 scrolls of enchant weapon
 i - a scroll of enchant armour
 k - a scroll of blinking
 r - a scroll of fog {unknown}
 y - a scroll of amnesia {unknown}
 B - a scroll of identify
Potions
 d - 5 potions of curing {unknown}
 f - 3 potions of mutation {unknown}
 j - a potion of degeneration {unknown}
 m - a potion of invisibility {unknown}
 n - a potion of berserk rage {unknown}
 o - a potion of might {unknown}
 q - 2 potions of ambrosia {unknown}
 s - 3 potions of brilliance {unknown}
 x - 2 potions of heal wounds {unknown}


   Skills:
 - Level 2.0 Fighting
 + Level 8.4 Short Blades
 - Level 2.0 Throwing
 - Level 1.0 Dodging
 - Level 10.0 Stealth


You had 7 spell levels left.
You didn't know any spells.
Your spell library contained the following spells:

 Spells                   Type           Power      Damage    Failure   Level
 Inner Flame              Hex/Fire       0%         N/A       32%         3
 Cause Fear               Hex            0%         N/A       71%         4
 Discord                  Hex            0%         N/A       100%        8


Dungeon Overview and Level Annotations

Branches:
Dungeon (5/15)             Temple (1/1) D:5

Altars:
Ashenzari
Cheibriados
Elyvilon
Fedhas
Gozag
Hepliaklqana
Kikubaaqudgha
Makhleb
Nemelex Xobeh
Okawaru
Qazlal
Ru
Sif Muna
Trog
Uskayaw
Vehumet
Wu Jian
Xom
Yredelemnul
Zin
The Shining One

Annotations:
D:5 1 transporter


Innate Abilities, Weirdness & Mutations

You cannot wear most types of armour.
You are amphibious.
You can wear up to eight rings at the same time.
Your skin changes colour to match your surroundings (Stealth+).
Your rubbery body absorbs attacks. (AC +1, EV +1)
((You are camouflaged near water. (Stealth+)))
You have tentacles for arms and can constrict up to eight enemies at once.


Message History

The gnoll is severely wounded.
You constrict the gnoll, but do no damage.
You hit the gnoll.
You kill the gnoll!
The gnoll hits you with a +0 whip!
You are too injured to fight recklessly!
You are too injured to fight recklessly!
You are too injured to fight recklessly!
You closely miss the adder. Your grab misses the adder.
You barely miss the gnoll. You grab the gnoll. You constrict the gnoll.
The adder barely misses you. The gnoll hits you with a +0 whip!
You barely miss the gnoll. You squeeze the gnoll!
The gnoll is severely wounded.
You constrict the gnoll. The adder bites you.
The gnoll hits you with a +0 whip.
* * * LOW HITPOINT WARNING * * *
You barely miss the adder. You grab the adder. You constrict the adder.
You constrict the gnoll. The adder bites you.
* * * LOW HITPOINT WARNING * * *
You are poisoned.
The adder poisons you!
You barely miss the adder.
The adder is lightly wounded.
You constrict the adder.
You constrict the gnoll, but do no damage.
You feel sick. The gnoll closely misses you. The adder bites you.
* * * LOW HITPOINT WARNING * * *
You barely miss the adder.
The adder is moderately wounded.
You constrict the adder. You constrict the gnoll.
You feel sick. The adder bites you.
* * * LOW HITPOINT WARNING * * *
The gnoll hits you with a +0 whip.
* * * LOW HITPOINT WARNING * * *
Okay, then.
You release your grip on the adder.
You release your grip on the gnoll.
You feel sick.
You feel sick. The adder bites you.
You die...
Your body crumbles into a pile of gold.

####. ..... #.......#
...... ..... #.......#
...... ... #.......#
.....###.# #####.......#
.......####...........'
####$$........##.......#
#<.....................#
####..Sg....>...........
#...@.........###....
####.#.#....#..).....
...#......#.###....
#######..#.#.# #....
.....#.#.# #....
#######.#.# #....
#......#.###....
#.######........
#.######........


You could see a gnoll and an adder.

Vanquished Creatures
  Grinder (D:3)
  Duvessa (D:5)
  An ice beast (D:5)
  A black bear (D:4)
  An ogre (D:5)
  A sky beast (D:5)
  A centaur (D:5)
  A phantom (D:4)
  A scorpion (D:5)
  Dowan (D:5)
  A howler monkey (D:5)
  A centaur skeleton (D:4)
  2 iguanas
  Natasha (thrice) (D:3)
  Robin (D:3)
  5 gnolls
  4 adders
  An adder skeleton (D:4)
  2 worms
  An orc (D:2)
  5 ball pythons
  7 endoplasms
  6 giant cockroaches
  17 goblins
  6 hobgoblins
  6 kobolds
  4 quokkas
  3 bats
  4 frilled lizards
  6 rats
95 creatures vanquished.

Vanquished Creatures (others)
  A plant (D:5)
1 creature vanquished.

Grand Total: 96 creatures vanquished

Notes
Turn   | Place    | Note
-------+----------+-------------------------------------------
     0 | D:1      | Delamore the Octopode Brigand began the quest for the Orb.
     0 | D:1      | Reached XP level 1. HP: 14/14 MP: 1/1
   502 | D:1      | Reached XP level 2. HP: 19/19 MP: 0/2
   806 | D:1      | Reached skill level 6 in Stealth
  1543 | D:2      | Reached XP level 3. HP: 23/24 MP: 3/3
  1984 | D:2      | Found a faded altar of an unknown god.
  2001 | D:2      | Found a faded altar of an unknown god.
  2268 | D:2      | Reached XP level 4. HP: 24/29 MP: 4/4
  2338 | D:2      | Reached skill level 7 in Stealth
  2640 | D:3      | Noticed Natasha
  2647 | D:3      | Killed Natasha
  2648 | D:3      | Reached XP level 5. HP: 34/34 MP: 5/5
  2660 | D:3      | Noticed Natasha
  2918 | D:3      | Killed Natasha
  2919 | D:3      | Reached skill level 8 in Stealth
  3001 | D:3      | Noticed Natasha
  3005 | D:3      | Killed Natasha
  3186 | D:3      | Noticed Grinder
  3187 | D:3      | Noticed Robin
  3408 | D:4      | Reached XP level 6. HP: 23/39 MP: 6/6
  3722 | D:3      | Killed Grinder
  3723 | D:3      | Reached skill level 9 in Stealth
  3723 | D:3      | Reached XP level 7. HP: 27/45 MP: 7/7
  3728 | D:3      | Killed Robin
  4123 | D:3      | Found a sacrificial altar of Ru.
  4124 | D:3      | Found a snail-covered altar of Cheibriados.
  4182 | D:4      | Reached skill level 5 in Short Blades
  4182 | D:4      | Reached skill level 10 in Stealth
  4342 | D:4      | You fall into a shaft and drop 1 floor!
  4342 | D:5      | Entered Level 5 of the Dungeon
  4523 | D:4      | Found a blossoming altar of Fedhas.
  4523 | D:4      | Found a basalt altar of Yredelemnul.
  4523 | D:4      | Found a glowing golden altar of the Shining One.
  4759 | D:5      | Reached XP level 8. HP: 50/50 MP: 8/8
  4856 | D:5      | Found a staircase to the Ecumenical Temple.
  4887 | Temple   | Entered the Ecumenical Temple
  5023 | Temple   | Became a worshipper of Gozag Ym Sagoz the Greedy
  5077 | D:5      | Noticed Duvessa
  5081 | D:5      | Noticed Dowan
  5094 | D:5      | Killed Duvessa
  5100 | D:5      | Killed Dowan
  5307 | D:5      | Found a transporter.
  5320 | D:5      | Identified the +0 kite shield of Patterns {rC- rN++}
  5387 | D:5      | HP: 2/50 [gnoll (4)]
  5389 | D:5      | Slain by an adder

Illustrated notes

Levels and vault maps discovered:
D:1:      scummos_arrival_checkerplants, layout_basic
D:2:      cheibrodos_helix_gallery, layout_loops_ring,
          hellmonk_ecumenical_altar_the_god_not_taken, minmay_joined_circles
D:3:      layout_rooms, gammafunk_temple_overflow_statue, hex_tiny,
          kennysheep_cross_room, uniq_natasha, uniq_robin, uniq_grinder
D:4:      layout_cave_pools, gammafunk_temple_overflow_claw,
          mrwooster_statue_mirror
D:5:      layout_basic, minmay_temple_entry_offerings,
          gammafunk_ghost_gnarly_gnolls, minmay_misc_feat_room, uniq_duvessa
Temple:   nicolae_temple_elliptical

Skill      XL: |  1  2  3  4  5  6  7  8 |
---------------+-------------------------+-----
Stealth        | 6 7 8 9 10 | 10.0
Short Blades   | 3 4 6 8 |  8.4
Fighting       | |  2.0
Throwing       | |  2.0
Dodging        | |  1.0

Action                   |  1- 3 |  4- 6 |  7- 9 || total
-------------------------+-------+-------+-------++-------
Melee: Dagger            |    26 |       |       ||    26
       Constrict         |    12 |    16 |    12 ||    40
       Tentacles         |     6 |    10 |    17 ||    33
       Short sword       |    34 |    59 |    96 ||   189
Throw: Dart              |     3 |       |    10 ||    13
  Use: Scroll            |     3 |     1 |       ||     4
 Stab: Sleeping          |    17 |     5 |     8 ||    30
Armor: Skin              |     3 |     4 |     5 ||    12
Dodge: Dodged            |    26 |    35 |    30 ||    91
